 Dungeon Crawl Stone Soup version 0.31.0-2-g5a2aebc5c2 (webtiles) character file.

Game seed: 1283845039975193092

9 dialectric the Sneak (level 2, -3/40 HPs)
             Began as a Minotaur Delver on Jan 20, 2024.
             Slain by Menkaure (4 damage)
             ... on level 5 of the Dungeon.
             The game lasted 00:00:38 (88 turns).

dialectric the Sneak (Minotaur Delver)                Turns: 88, Time: 00:00:39

Health: -3/40      AC: 21    Str: 16    XL:     2   Next: 3%
Magic:  1/1        EV:  2    Int:  7    God:
Gold:   0          SH:  0    Dex: 11    Spells: 1/1 levels left

rFire   . . .        a - +0 mace
rCold   . . .        (no shield)
rNeg    . . .        b - melded +0 leather armour
rPois   +            (helmet currently unavailable)
rElec   .            (cloak currently unavailable)
rCorr   .            (gloves currently unavailable)
SInv    .            (boots currently unavailable)
Will    .....        (no amulet)
Stlth   ++           (no ring)
HPRegen 0.26/turn    (no ring)
MPRegen 0.07/turn

%: no passive effects
@: tree-form
A: stationary, stasis, torment immunity, boosted hp, (horns 2), (retaliatory
headbutt)
a: no special abilities


You were on level 5 of the Dungeon.
You were a tree.
You visited 1 branch of the dungeon, and saw 1 of its levels.

Inventory:

Hand Weapons
 a - a +0 mace (weapon)
Missiles
 h - a poisoned dart (quivered)
Armour
 b - a +0 leather armour (melded)
Wands
 g - a wand of digging (3)
Scrolls
 c - a scroll of fog
 d - a scroll of revelation
 e - a scroll of fear
 i - a scroll of identify {unknown}
Potions
 f - a potion of haste


   Skills:
 + Level 3.8 Fighting
 + Level 2.5 Maces & Flails
 + Level 0.1 Throwing
 * Level 1.2 Armour
 + Level 2.3 Dodging
 - Level 4.1 Stealth


You had one spell level left.
You didn't know any spells.
Your spell library was empty.

Dungeon Overview and Level Annotations

Branches:
Dungeon (5/15)
 Temple: D:4-7

Altars:

Annotations:
D:5 Ijyb, Menkaure


Innate Abilities, Weirdness & Mutations

You are a tree.
Your roots penetrate the ground, keeping you stationary.
You cannot be teleported.
You are immune to unholy pain and torment.
Your maximum health is greatly increased.
Your equipment is partially melded.
((You have a pair of horns on your head.))
((You reflexively headbutt those who attack you in melee.))


Message History

Aim: Ijyb, wielding a +0 dagger, wearing a +3 leather armour of poison resistance and carrying a wand of polymorph (poisoned, 43% to hit)
You throw a poisoned dart. The poisoned dart closely misses Ijyb.
The poisoned dart closely misses the howler monkey.
The poisoned dart completely misses the bombardier beetle.
You hear a splash.
Ijyb hits you with a +0 dagger.
* * * LOW HITPOINT WARNING * * *
Unknown command.
Okay, then.
You barely miss Ijyb. Ijyb hits you with a +0 dagger.
* * * LOW HITPOINT WARNING * * *
The howler monkey hoots and howls with incredible vigour!
Ijyb hits you with a +0 dagger.
* * * LOW HITPOINT WARNING * * *
The howler monkey hoots and howls with incredible vigour!
Something shouts, "Get thee gone, thou venomed clapper-clawed zombie-fodder!"
You hear an angry hiss.
You barely miss Ijyb.
Ijyb looks more healthy.
A white imp comes into view.
Ijyb hits you but does no damage. Menkaure hits you but does no damage.
You hit Ijyb.
Ijyb is lightly wounded.
Ijyb hits you but does no damage. Menkaure hits you but does no damage.
Unknown command.
You miss Ijyb.
Ijyb is lightly wounded.
Menkaure barely misses you.
The white imp shouts, "Escape, thou ducking ditch-delivered cretin!"
The white imp gestures at you.
The puff of frost hits you but does no damage.
Ijyb hits you but does no damage. Menkaure hits you.
* * * LOW HITPOINT WARNING * * *
Ijyb barely misses you. The white imp gestures at you.
The puff of frost hits you but does no damage.
You hit Ijyb but do no damage.
Ijyb is lightly wounded.
The howler monkey hoots and howls with incredible vigour!
Menkaure hits you.
You die...

..... ..... #.....# #......
#.....## ## #......##.##... ####
#..........5... ##..#####..~♣.♣#
...
#....~#..~.~.Mg##....##.......
##..>#~#.♣.~~≈~h(..............
#..##.≈.♣~~~≈.≈.#..............
##...#.~......B≈....... .......
##....~~≈~~#~~........##.......
##.#...~..≈.♣~.~≈#......#.......
#..#....~♣.♣~~#≈(....##.........
......#.≈...♣~.~≈##.............


You could see Ijyb, Menkaure (fast), a howler monkey, a bombardier beetle and a
white imp.

Vanquished Creatures
  An adder (D:5)
1 creature vanquished.

Notes
Turn   | Place    | Note
-------+----------+-------------------------------------------
     0 | D:5      | dialectric the Minotaur Delver began the quest for the Orb.
     0 | D:5      | Reached XP level 1. HP: 19/19 MP: 0/0
    46 | D:5      | Reached skill level 1 in Armour
    46 | D:5      | Reached XP level 2. HP: 18/27 MP: 1/1
    59 | D:5      | Noticed Menkaure
    59 | D:5      | Noticed a bombardier beetle
    64 | D:5      | Noticed a howler monkey
    75 | D:5      | Noticed Ijyb
    87 | D:5      | HP: 1/40 [Menkaure (3)]
    88 | D:5      | Slain by Menkaure

Illustrated notes

Levels and vault maps discovered:
D:5:      layout_cave_pools, nemelex_dance_club_becter, serial_rivers,
          chequers_serial_rivers_small_b, chequers_serial_rivers_room_a,
          chequers_serial_rivers_marsh, chequers_serial_rivers_marsh,
          minmay_shop_grid_forest, amcnicky_altar_lugonu_corruption,
          uniq_crazy_yiuf_cottage, uniq_menkaure, uniq_duvessa, uniq_ijyb

Skill      XL: |  1 |
---------------+----+-----
Armour         | 1 |  1.2
Fighting       | |  3.8
Maces & Flails | |  2.5
Throwing       | |  0.1
Dodging        | |  2.3
Stealth        | |  4.1

Action                     || total
---------------------------++-------
  Melee: Mace              ||     9
         Headbutt          ||     1
  Throw: Dart              ||     6
 Armour: Leather armour    ||     3
         Skin              ||    13
  Dodge: Dodged            ||     6
